 Dungeon Crawl Stone Soup version 0.29-a0-330-g52719c12eb (webtiles) character file.

Game seed: 7671677048028005704

5799 kae the Arsonist (level 10, 0/69 HPs)
             Began as a Demigod Fire Elementalist on Apr 22, 2022.
             Killed by divine providence
             ... invoked by an orc priest
              (13 damage)
             ... on level 10 of the Dungeon.
             The game lasted 00:08:15 (10628 turns).

kae the Arsonist (Demigod Fire Elementalist)       Turns: 10628, Time: 00:08:16

Health: 0/69       AC: 12    Str:  9    XL:     10   Next: 26%
Magic:  3/24       EV: 12    Int: 29    God:
Gold:   375        SH:  0    Dex: 14    Spells: 4/22 levels left

rFire   + . .      SeeInvis .   j - +3 short sword (venom)
rCold   . . .      Faith    .   (no shield)
rNeg    . . .      Spirit   .   y - +2 robe "Ewowuf" {Regen+}
rPois   .          Reflect  .   w - +2 helmet
rElec   .          Harm     .   (no cloak)
rCorr   .          Rampage  .   (no gloves)
Will    +....                   C - +0 pair of boots
Stlth   ++........              F - amulet of the acrobat
HPRegen 1.01/turn               e - +4 ring of protection
MPRegen 0.19/turn               d - ring of protection from fire

@: lethally poisoned (0 -> -1), studying Throwing
A: high MP 1, forlorn, divine attributes
a: no special abilities


You were on level 10 of the Dungeon.
You visited 1 branch of the dungeon, and saw 10 of its levels.

You collected 627 gold pieces.
You spent 252 gold pieces at shops.

Inventory:

Hand Weapons
 j - a +3 short sword of venom (weapon)
Missiles
 r - a throwing net
Armour
 a - a +0 robe
 k - a +2 robe of cold resistance
 w - a +2 helmet (worn)
 y - the +2 robe "Ewowuf" (worn) {Regen+}
   (You found it on level 6 of the Dungeon)

   Regen:     It increases your rate of health regeneration.
 C - a +0 pair of boots (worn)
Jewellery
 d - a ring of protection from fire (right hand)
 e - a +4 ring of protection (left hand)
 l - a +4 ring of slaying
 F - an amulet of the acrobat (around neck)
 J - a ring of fire
Wands
 D - a wand of paralysis (5)
 K - a wand of flame (9)
Scrolls
 c - 2 scrolls of noise
 g - 2 scrolls of enchant weapon
 i - 2 scrolls of vulnerability
 n - 2 scrolls of teleportation
 o - 5 scrolls of identify
 p - 2 scrolls of amnesia
 s - a scroll of blinking
 v - a scroll of holy word {unknown}
 B - a scroll of brand weapon {unknown}
 H - 2 scrolls of fog
 I - a scroll of immolation {unknown}
Potions
 b - a potion of magic
 f - 2 potions of lignification
 m - 2 potions of cancellation
 q - a potion of degeneration {unknown}
 u - a potion of resistance {unknown}
 x - 3 potions of attraction
 z - a potion of curing {unknown}
 A - 2 potions of might {unknown}
 E - 2 potions of flight {unknown}
 G - a potion of brilliance


   Skills:
 - Level 1.7 Dodging
 - Level 1.7 Stealth
 + Level 6.8 Spellcasting
 + Level 7.3 Conjurations
 * Level 10.7 Fire Magic


You had 4 spell levels left.
You knew the following spells:

 Your Spells              Type           Power      Damage    Failure   Level
a - Foxfire               Conj/Fire      100%       2x1d9     1%          1
b - Scorch                Fire           100%       2d10      1%          2
c - Conjure Flame         Conj/Fire      58%        6-21      1%          3
d - Inner Flame           Hex/Fire       41%        N/A       1%          3
e - Flame Wave            Conj/Fire      58%        2d11      1%          4
f - Fireball              Conj/Fire      29%        3d13      3%          5

Your spell library contained the following spells:

 Spells                   Type           Power      Damage    Failure   Level
 Dazzling Flash           Conj/Hex       62%        N/A       3%          3
 Blink                    Tloc           18%        N/A       8%          2
 Iskenderun's Battlesphe  Conj           51%        2d10      7%          5
 Freezing Cloud           Conj/Ice/Air   12%        6-21      47%         5
 Agony                    Necr           9%         N/A       82%         5
 Manifold Assault         Tloc           9%         N/A       82%         5
 Silence                  Hex/Air        4%         N/A       82%         5
 Conjure Ball Lightning   Conj/Air       15%        3x3d6     87%         6
 Orb of Destruction       Conj           25%        9d9       91%         7
 Simulacrum               Ice/Necr       4%         N/A       100%        6
 Storm Form               Tmut/Air       4%         N/A       100%        7
 Polar Vortex             Ice            4%         N/A       100%        9


Dungeon Overview and Level Annotations

Branches:
Dungeon (10/15)            Temple (0/1) D:6
   Lair: D:8-11         Orc: D:9-12

Shops:
D:5 *   D:7 *   D:8 [   D:9 =

Annotations:
D:9 exclusion: meliai


Innate Abilities, Weirdness & Mutations

You have an increased reservoir of magic. (+10% MP)
You shall have no god before yourself.
Your divine heritage dramatically boosts your attributes as you level up.


Message History

Confirm with . or Enter, or press ? or * to list all spells.
Flames lash Amaemon.
Amaemon is burned terribly!
You kill Amaemon!
The scorpion disappears in a puff of smoke! x2
You feel very sick.
You feel very sick.
The meliai calls down the wrath of its god upon you.
Something smites you!
* * * LOW HITPOINT WARNING * * *
The orange demon misses you.
Unknown command.
You feel very sick.
The orange demon stings you but does no damage.
You climb downwards.
You hear the roar of battle.
There is an entrance to a bailey on this level.
Hurry and find it before the portal closes forever!
You feel sick.
The orc wizard shouts!
The orc priest shouts!
You hear a shout!
Found a scroll of vulnerability.
There is a stone staircase leading up here.
You puncture the orc wizard!
The orc wizard is heavily wounded.
You feel sick.
The orc wizard points at you and mumbles some strange words.
You easily resist.
You closely miss the orc wizard.
The orc wizard is heavily wounded.
You feel sick.
The orc wizard hits you but does no damage.
The orc priest looks encouraged for a moment.
You hear a shout!
You hit the orc wizard.
The orc wizard is poisoned.
The orc wizard is severely wounded.
You feel sick. The orc wizard closely misses you.
An orc comes into view. It is wielding a +0 hand axe.
It was a potion of cancellation.
You feel magically purged.
You feel sick.
The orc wizard hits you but does no damage.
The orc priest invokes the aid of Beogh against you.
Beogh smites you!
You die... # #########o# .......@oo# .##########

You could see an orc priest, an orc wizard (very poisoned) and an orc.

Vanquished Creatures
  2 two-headed ogres (D:8)
  Amaemon (D:9)
  2 meliai (D:9)
  Prince Ribbit (D:9)
  Sigmund (D:2)
  A wyvern (D:7)
  5 yaks
  A steam dragon (D:9)
  2 sky beasts
  4 orc warriors (D:9)
  4 ice beasts
  A black bear (D:7)
  A centaur (D:9)
  A phantom (D:6)
  3 bullfrogs
  A gnoll sergeant (D:8)
  A necrophage (D:6)
  6 scorpions
  A howler monkey (D:9)
  2 jellies
  A hound (D:5)
  2 orc priests
  An iguana (D:5)
  5 orc wizards (D:9)
  2 hound skeletons (D:3)
  Robin (D:2)
  4 gnolls
  6 adders
  A howler monkey skeleton (D:3)
  A shadow imp (D:6)
  2 white imps
  An ufetubus (D:6)
  An adder skeleton (D:3)
  2 worms
  3 dart slugs
  21 orcs
  7 ball pythons
  3 bats
  An endoplasm (D:4)
  2 giant cockroaches (D:1)
  15 goblins
  6 hobgoblins
  3 jackals (D:3)
  2 quokkas
  A ball python zombie (D:3)
  2 frilled lizards
  A kobold (D:3)
  A quokka zombie (D:3)
  2 rats
141 creatures vanquished.

Vanquished Creatures (others)
  354 foxfires
  A plant (D:8)
355 creatures vanquished.

Grand Total: 496 creatures vanquished

Notes
Turn   | Place    | Note
-------+----------+-------------------------------------------
     0 | D:1      | kae the Demigod Fire Elementalist began the quest for the
                  | Orb.
     0 | D:1      | Reached XP level 1. HP: 14/14 MP: 5/5
    81 | D:1      | Reached skill level 1 in Conjurations
   280 | D:1      | You fall into a shaft and drop 1 floor!
   385 | D:1      | Reached skill level 3 in Fire Magic
   572 | D:1      | Reached XP level 2. HP: 20/20 MP: 5/7
   575 | D:1      | Learned a level 2 spell: Scorch
  1390 | D:2      | Reached XP level 3. HP: 26/26 MP: 1/8
  1582 | D:2      | Learned a level 3 spell: Conjure Flame
  1677 | D:2      | Noticed Robin
  1690 | D:2      | Killed Robin
  1909 | D:2      | Noticed Sigmund
  1922 | D:2      | Killed Sigmund
  1923 | D:2      | Reached skill level 4 in Fire Magic
  1923 | D:2      | Reached XP level 4. HP: 5/33 MP: 3/11
  1923 | D:2      | Reached XP level 5. HP: 5/38 MP: 3/12
  2551 | D:3      | Learned a level 3 spell: Inner Flame
  3801 | D:4      | Reached skill level 5 in Fire Magic
  3801 | D:4      | Reached XP level 6. HP: 29/45 MP: 7/13
  4416 | D:5      | Entered Level 5 of the Dungeon
  4696 | D:5      | Found Felaeratag's Assorted Antiques.
  4704 | D:5      | Bought a fizzy purple potion for 21 gold pieces
  4704 | D:5      | Bought a scroll labelled FOUWIEDODI for 24 gold pieces
  4704 | D:5      | Bought a shiny helmet for 180 gold pieces
  5030 | D:5      | Reached XP level 7. HP: 49/50 MP: 12/15
  5073 | D:5      | Learned a level 4 spell: Flame Wave
  5418 | D:6      | Reached skill level 6 in Fire Magic
  5524 | D:6      | Identified the +2 robe "Ewowuf" {Regen+}
  5653 | D:6      | Found a staircase to the Ecumenical Temple.
  6101 | D:6      | Reached XP level 8. HP: 57/57 MP: 11/17
  6168 | D:6      | Reached skill level 7 in Fire Magic
  6573 | D:7      | Identified the +5 short sword of Dullness {flame, Dex+10}
  6613 | D:7      | Found Nelaogamos's CLEARANCE SALE!.
  6622 | D:7      | Bought a potion of brilliance for 12 gold pieces
  6622 | D:7      | Bought a scroll of fog for 6 gold pieces
  6622 | D:7      | Bought a potion of attraction for 9 gold pieces
  6669 | D:7      | Identified a scroll of acquirement
  6670 | D:7      | Acquired a book of the Spheres
  7187 | D:7      | Reached skill level 5 in Conjurations
  7292 | D:7      | Noticed an angel
  7473 | D:8      | Reached skill level 5 in Spellcasting
  7473 | D:8      | Reached skill level 8 in Fire Magic
  7673 | D:8      | Found Qotuetu's Armour Emporium.
  8114 | D:8      | Noticed a two-headed ogre
  8129 | D:8      | Killed a two-headed ogre
  8130 | D:8      | Reached XP level 9. HP: 62/62 MP: 7/21
  8817 | D:9      | Reached skill level 9 in Fire Magic
  8818 | D:9      | Noticed a two-headed ogre
  8991 | D:8      | Learned a level 5 spell: Fireball
  9043 | D:9      | Found Loangaq's Jewellery Boutique.
  9097 | D:9      | Noticed Prince Ribbit
  9120 | D:9      | Killed Prince Ribbit
  9328 | D:8      | Killed a two-headed ogre
  9329 | D:8      | Reached skill level 10 in Fire Magic
  9860 | D:9      | Reached XP level 10. HP: 66/69 MP: 14/23
 10318 | D:9      | Noticed Amaemon
 10320 | D:9      | HP: 2/69 [meliai/+0 hand axe (11)]
 10621 | D:9      | Killed Amaemon
 10624 | D:10     | Entered Level 10 of the Dungeon
 10628 | D:10     | Killed from afar by an orc priest

Illustrated notes

Levels and vault maps discovered:
D:1:      dreamdust_arrival_beginning_and_end, layout_loops_corners,
          minmay_misc_feat_columns, kennysheep_another_room
D:2:      layout_rooms, uniq_robin, uniq_sigmund
D:3:      layout_loops_corners, eat_drink_and_be_merry_uskayaw, serial_undead,
          serial_undead_b, serial_undead_a, serial_undead_c, serial_undead_e,
          serial_undead_f, serial_undead_f
D:4:      layout_loops_corners, kennysheep_small_square
D:5:      layout_gridville, trog_book, serial_shops, shop
D:6:      layout_loops_ring, minmay_temple_entry_waves, serial_glass,
          glass_columns_b, glass_columns_a
D:7:      layout_cave_pods, zin_angel, nicolae_shop_clearance
D:8:      layout_loops_cross, nicolae_elyvilon_temple_path, serial_rivers,
          chequers_serial_rivers_room_a, chequers_serial_rivers_room_b,
          chequers_serial_rivers_micro_d, chequers_serial_rivers_micro_b,
          chequers_serial_rivers_large_a, serial_shops, nicolae_lakefront_shop,
          minivault_19, minmay_misc_feat_plants, roderic_cross_of_infinity
D:9:      layout_basic, serial_shops, shop_fountains, uniq_amaemon,
          uniq_prince_ribbit1
D:10:     layout_loops_ring, dpeg_oklobed_lair, serial_shops,
          nicolae_take_the_stairs, enter_bailey_6, gammafunk_ghost_smash,
          uniq_nergalle, uniq_psyche

Skill      XL: |  1  2  3  4  5  6  7  8  9 10 |
---------------+-------------------------------+-----
Conjurations   | 1 2 3 4 5 6 7 |  7.3
Fire Magic     | 3 4 5 6 8 10 | 10.7
Spellcasting   | 2 3 4 5 6 |  6.8
Dodging        | |  1.7
Stealth        | |  1.7

Action                   |  1- 3 |  4- 6 |  7- 9 | 10-12 || total
-------------------------+-------+-------+-------+-------++-------
Melee: Unarmed           |     6 |       |       |       ||     6
       Short sword       |       |    10 |    26 |     3 ||    39
 Cast: Foxfire           |    66 |    75 |    73 |     8 ||   222
       Scorch            |       |    20 |    50 |     5 ||    75
       Conjure Flame     |       |     1 |     4 |       ||     5
       Flame Wave        |       |       |     9 |     1 ||    10
       Inner Flame       |       |       |     4 |       ||     4
       Fireball          |       |       |       |    11 ||    11
  Use: Scroll            |       |     6 |     4 |     4 ||    14
       Potion            |       |       |     2 |     3 ||     5
 Stab: Sleeping          |       |     1 |       |       ||     1
Armor: Robe              |     6 |    23 |    38 |    17 ||    84
       Skin              |       |       |    14 |       ||    14
Dodge: Dodged            |    13 |    27 |    87 |    21 ||   148

Table legend: (Time is in decaauts)
 A = Elapsed time spent in this place.
 B = Non-inter-level travel time spent in this place.
 C = Inter-level travel time spent in this place.
 D = Time resting spent in this place.
 E = Time spent auto-exploring this place.
 F = Levels seen in this place.
 G = Mean time per level.
                   A        B        C        D        E       F      G
               +--------+--------+--------+--------+--------+-----+--------+
         Total |  10651 |  10281 |    370 |    509 |   8589 |  10 | 1065.1 |
       Dungeon |  10651 |  10281 |    370 |    509 |   8589 |  10 | 1065.1 |
               +--------+--------+--------+--------+--------+-----+--------+

Top non-repeatable levels by time:
     D:8: 1650 daAuts
     D:9: 1545 daAuts
     D:1: 1221 daAuts
     D:6: 1108 daAuts
     D:4: 1105 daAuts
     D:7: 1091 daAuts
     D:3: 1067 daAuts
     D:2: 1020 daAuts
     D:5: 835 daAuts
    D:10: 4 daAuts
